GCL
MINNESOTA (GCL) TWINS @ TAMPA BAY (GCL) RAYS
06/27/2099
 
TOP OF THE 1ST
Minnesota (GCL) Twins batting - Pitching for Tampa Bay (GCL) Rays : LHP Juan Reyes
Pitching: LHP Juan Reyes
Batting: RHB Edwin Estrada 0-0: Ball
1-0: SINGLE (Line Drive, 9S, EV 95.6 MPH)
Batting: RHB Rico Castillo 0-0: Ground out 5-3 (Groundball, 5S, EV 68.1 MPH)
Edwin Estrada to second
Batting: LHB Jose Varillas 0-0: Ball
1-0: Called Strike
1-1: Foul Ball, location: 2F
1-2: Ball
2-2: Ball
3-2: Foul Ball, location: 3F
3-2: Base on Balls
Batting: RHB Kevin Yarber 0-0: Ball
1-0: SINGLE (Groundball, 34D, EV 100.0 MPH)
Edwin Estrada to third
Jose Varillas to second
Runner from 3rd tries for Home, SAFE, throw by RF to home
Jose Varillas to third
Kevin Yarber to second
Batting: LHB Jonathan Antoine 0-0: Foul Ball, location: 2F
0-1: Called Strike
0-2: Ground out U3 (Groundball, 3, EV 93.1 MPH)
Pitching: RHP Matt Shea
Batting: RHB Sergio Aguero 0-0: Ground out 4-3 (Groundball, 4, EV 82.5 MPH)
Top of the 1st over - 1 run, 2 hits, 0 errors, 2 left on base; Minnesota (GCL) 1 - Tampa Bay (GCL) 0
BOTTOM OF THE 1ST
Tampa Bay (GCL) Rays batting - Pitching for Minnesota (GCL) Twins : LHP Juan Garza
Pitching: LHP Juan Garza
Batting: RHB Kyle Shannon 0-0: Called Strike
0-1: SINGLE (Flyball, 9LS, EV 90.6 MPH)
Batting: RHB Joe Slayback 0-0: Swinging Strike
Kyle Shannon is caught stealing 2nd base 2-4
0-1: Ball
1-1: Ground out 4-3 (Groundball, 4, EV 88.1 MPH)
Batting: RHB Brian Rhodes 0-0: Foul Ball, location: 23FF
0-1: Foul Ball, location: 3F
0-2: Ball
1-2: Ball
2-2: Foul Ball, location: 2F
2-2: Foul Ball, location: 25FF
2-2: Ball
3-2: SOLO HOME RUN (Flyball, 89XD, EV 110.0 MPH), Distance : 441 ft
Batting: RHB Manny Ortiz 0-0: Called Strike
0-1: Ball
1-1: Ball
2-1: Foul Ball, location: 2LF
2-2: Foul Ball, location: 2LF
2-2: SINGLE (Line Drive, 7S, EV 92.5 MPH)
Batting: LHB Juan Huerta 0-0: Foul Ball, location: 7LSF
0-1: Ground out 4-3 (Groundball, 4, EV 91.3 MPH)
Bottom of the 1st over - 1 run, 3 hits, 0 errors, 1 left on base; Minnesota (GCL) 1 - Tampa Bay (GCL) 1
TOP OF THE 2ND
Minnesota (GCL) Twins batting - Pitching for Tampa Bay (GCL) Rays : RHP Matt Shea
Batting: LHB Andres Contes 0-0: Called Strike
0-1: Ball
1-1: Ball
2-1: Foul Ball, location: 23F
2-2: Foul Ball, location: 5SF
2-2: Fly out, F8 (Line Drive, 8LS, EV 93.1 MPH)
Batting: LHB Noel Douglass 0-0: Ball
1-0: Swinging Strike
1-1: Called Strike
1-2: Ball
2-2: Foul Ball, location: 25F
2-2: Foul Ball, location: 7LMF
2-2: Strikes out swinging, 2-3 out at first.
Batting: LHB Giorgio Rebagliati 0-0: Called Strike
0-1: SINGLE (Groundball, 15, EV 75.6 MPH) (infield hit)
Batting: RHB Edwin Estrada 0-0: Called Strike
0-1: SINGLE (Groundball, 6MD, EV 106.9 MPH)
Giorgio Rebagliati to second
Runner from 2nd tries for 3rd, SAFE, no throw by CF
Batting: RHB Rico Castillo 0-0: Ball
1-0: Swinging Strike
1-1: Called Strike
1-2: Strikes out swinging
Top of the 2nd over - 0 runs, 2 hits, 0 errors, 2 left on base; Minnesota (GCL) 1 - Tampa Bay (GCL) 1
BOTTOM OF THE 2ND
Tampa Bay (GCL) Rays batting - Pitching for Minnesota (GCL) Twins : LHP Juan Garza
Pitching: RHP Bob Sanchez
Batting: RHB Dustin Carlson 0-0: Ball
1-0: Fly out, F5 (Popup, 56S, EV 66.3 MPH)
Batting: RHB Seth Epps 0-0: Fly out, F9 (Flyball, 9S, EV 95.6 MPH)
Batting: LHB Alfredo Cantavalle 0-0: Called Strike
0-1: Ball
1-1: Ground out 6-3 (Groundball, 6, EV 98.1 MPH)
Bottom of the 2nd over - 0 runs, 0 hits, 0 errors, 0 left on base; Minnesota (GCL) 1 - Tampa Bay (GCL) 1
TOP OF THE 3RD
Minnesota (GCL) Twins batting - Pitching for Tampa Bay (GCL) Rays : RHP Matt Shea
Batting: LHB Jose Varillas 0-0: Ball
1-0: Ball
2-0: DOUBLE (Line Drive, 89XD, EV 100.6 MPH)
Batting: RHB Kevin Yarber 0-0: Ball
1-0: Ball
2-0: Ball
3-0: Foul Ball, location: 9LMF
3-1: Swinging Strike
3-2: Foul Ball, location: 5FF
3-2: Strikes out swinging
Batting: LHB Jonathan Antoine 0-0: Ball
1-0: Foul Ball, location: 2F
1-1: Ball
2-1: Foul Ball, location: 7LMFF
2-2: Strikes out swinging
Batting: RHB Sergio Aguero 0-0: SINGLE (Groundball, 4MS, EV 82.5 MPH) (infield hit)
Jose Varillas to third
Batting: LHB Andres Contes 0-0: Called Strike
0-1: Fly out, F9 (Flyball, 89M, EV 78.1 MPH)
Top of the 3rd over - 0 runs, 2 hits, 0 errors, 2 left on base; Minnesota (GCL) 1 - Tampa Bay (GCL) 1
BOTTOM OF THE 3RD
Tampa Bay (GCL) Rays batting - Pitching for Minnesota (GCL) Twins : RHP Bob Sanchez
Batting: RHB Roger Salazar 0-0: Ball
1-0: Foul Ball, location: 9LMF
1-1: Reached on error, E4 (Groundball, 4, EV 85.6 MPH)
Batting: RHB Kyle Shannon 0-0: Bunt missed!
0-1: Bunt missed!
0-2: Foul Ball, location: 3F
0-2: Ball
1-2: Single, Error in OF, E8, batter to second base (Line Drive, 6MD, EV 102.5 MPH)
Roger Salazar to third
Batting: RHB Joe Slayback 0-0: Ball
1-0: Called Strike
1-1: Ground out 6-3 (Groundball, 6, EV 103.1 MPH)
Roger Salazar scores
Kyle Shannon to third
Batting: RHB Brian Rhodes 0-0: Called Strike
0-1: Fly out, F4 (Popup, 4MS, EV 62.5 MPH)
Batting: RHB Manny Ortiz 0-0: Called Strike
0-1: Swinging Strike
0-2: Ball
1-2: Ball
2-2: Fly out, F7 (Flyball, 78S, EV 91.3 MPH)
Bottom of the 3rd over - 1 run, 1 hit, 2 errors, 1 left on base; Minnesota (GCL) 1 - Tampa Bay (GCL) 2
TOP OF THE 4TH
Minnesota (GCL) Twins batting - Pitching for Tampa Bay (GCL) Rays : RHP Matt Shea
Batting: LHB Noel Douglass 0-0: SINGLE (Line Drive, 4MD, EV 98.1 MPH)
Batting: LHB Giorgio Rebagliati 0-0: Bunt missed!
0-1: Ball
1-1: Swinging Strike
1-2: Fly out, F7 (Flyball, 78M, EV 93.8 MPH)
Batting: RHB Edwin Estrada 0-0: Ball
1-0: Called Strike
1-1: SINGLE (Groundball, P, EV 93.8 MPH) (infield hit)
Noel Douglass to second
Batting: RHB Rico Castillo 0-0: Called Strike
0-1: Called Strike
0-2: Ball
1-2: SINGLE (Line Drive, 6MD, EV 97.5 MPH)
Noel Douglass to third
Edwin Estrada to second
Runner from 3rd tries for Home, SAFE, throw by CF to home
Batting: LHB Jose Varillas 0-0: Called Strike
0-1: Ball
1-1: Fly out, F8 (Flyball, 78M, EV 90.6 MPH)
Batting: RHB Kevin Yarber 0-0: Ball
1-0: Foul Ball, location: 7LMF
1-1: Called Strike
1-2: Ball
2-2: Foul Ball, location: 2F
2-2: Foul Ball, location: 2F
2-2: Fly out, F9 (Flyball, 89M, EV 96.3 MPH)
Top of the 4th over - 1 run, 3 hits, 0 errors, 2 left on base; Minnesota (GCL) 2 - Tampa Bay (GCL) 2
BOTTOM OF THE 4TH
Tampa Bay (GCL) Rays batting - Pitching for Minnesota (GCL) Twins : RHP Bob Sanchez
Pinch Hitting: RHB Mike McBride 0-0: Called Strike
0-1: DOUBLE (Flyball, 78D, EV 106.9 MPH)
Batting: RHB Dustin Carlson 0-0: Foul Ball, location: 7LSF
0-1: SINGLE (Groundball, 6S, EV 73.8 MPH) (infield hit)
Mike McBride to third
Batting: RHB Seth Epps 0-0: Foul Ball, location: 9LSF
0-1: Fly out, F3 (Popup, 34, EV 73.1 MPH)
Batting: LHB Alfredo Cantavalle
Pinch Hitting: LHB David Lowe 0-0: Called Strike
0-1: Ball
1-1: SINGLE (Groundball, 56, EV 81.9 MPH)
Mike McBride scores
Dustin Carlson to second
Batting: RHB Roger Salazar 0-0: Called Strike
0-1: Fly out, F7 (Flyball, 7, EV 84.4 MPH)
Batting: RHB Kyle Shannon 0-0: Ball
1-0: Ball
2-0: Ball
3-0: Called Strike
3-1: Foul Ball, location: 2F
3-2: SINGLE (Line Drive, 4M, EV 94.4 MPH)
Dustin Carlson to third
David Lowe to second
Dustin Carlson scores
David Lowe to third
Batting: RHB Joe Slayback 0-0: Ball
1-0: Ball
2-0: Called Strike
2-1: Foul Ball, location: 2F
2-2: Ball
3-2: Base on Balls
Kyle Shannon to second
Batting: RHB Brian Rhodes 0-0: Called Strike
0-1: Called Strike
0-2: Fly out, F8 (Flyball, 8RD, EV 110.0 MPH)
Bottom of the 4th over - 2 runs, 4 hits, 0 errors, 3 left on base; Minnesota (GCL) 2 - Tampa Bay (GCL) 4
TOP OF THE 5TH
Minnesota (GCL) Twins batting - Pitching for Tampa Bay (GCL) Rays : RHP Matt Shea
Now at 1B: Clayton Merry
Now in CF: Josh Capezzuto
Batting: LHB Jonathan Antoine 0-0: Called Strike
0-1: Ball
1-1: Foul Ball, location: 25F
1-2: Ball
2-2: SINGLE (Groundball, 56, EV 107.5 MPH)
Batting: RHB Sergio Aguero 0-0: Foul Ball, location: 2F
0-1: Ball
1-1: Foul Ball, location: 25FF
1-2: Ball
2-2: Ball
3-2: Fly out, F7 (Flyball, 7, EV 87.5 MPH)
Pitching: RHP George McMaster
Batting: LHB Andres Contes 0-0: Ball
1-0: Ball
2-0: Foul Ball, location: 5F
2-1: Called Strike
2-2: Grounds into double play, 4-6-3 (Groundball, 4, EV 77.5 MPH)
Top of the 5th over - 0 runs, 1 hit, 0 errors, 0 left on base; Minnesota (GCL) 2 - Tampa Bay (GCL) 4
BOTTOM OF THE 5TH
Tampa Bay (GCL) Rays batting - Pitching for Minnesota (GCL) Twins : RHP Bob Sanchez
Batting: RHB Manny Ortiz 0-0: Ball
1-0: Swinging Strike
1-1: Called Strike
1-2: Strikes out swinging
Batting: RHB Clayton Merry 0-0: Foul Ball, location: 2F
0-1: Ball
1-1: SINGLE (Groundball, 56S, EV 84.4 MPH)
Pitching: LHP Alex Cruz
Batting: RHB Dustin Carlson 0-0: Ball
1-0: Ball
2-0: Swinging Strike
2-1: Foul Ball, location: 9LDF
2-2: Reached on error, E5 (Groundball, 5, EV 83.1 MPH)
Clayton Merry to second
Batting: RHB Seth Epps 0-0: Called Strike
0-1: Ball
1-1: SINGLE (Groundball, 56D, EV 95.0 MPH)
Clayton Merry to third
Dustin Carlson to second
Batting: RHB Josh Capezzuto 0-0: Ball
1-0: Ball
2-0: Ball
3-0: Base on Balls
Clayton Merry scores
Dustin Carlson to third
Seth Epps to second
Batting: RHB Roger Salazar 0-0: SINGLE (Line Drive, 89S, EV 103.8 MPH)
Dustin Carlson scores
Seth Epps to third
Josh Capezzuto to second
Batting: RHB Kyle Shannon 0-0: Called Strike
0-1: Swinging Strike
0-2: Ball
1-2: Fly out, F9 (Flyball, 9LM, EV 107.5 MPH)
Runner from 3rd tags up, OUT at HOME! 9-2
Bottom of the 5th over - 2 runs, 3 hits, 1 error, 2 left on base; Minnesota (GCL) 2 - Tampa Bay (GCL) 6
TOP OF THE 6TH
Minnesota (GCL) Twins batting - Pitching for Tampa Bay (GCL) Rays : RHP George McMaster
Batting: LHB Noel Douglass 0-0: Ball
1-0: Called Strike
1-1: Foul Ball, location: 5DF
1-2: Foul Ball, location: 2F
1-2: Ball
2-2: Strikes out swinging
Batting: LHB Giorgio Rebagliati 0-0: Called Strike
0-1: Foul Ball, location: 2F
0-2: Ball
1-2: Ball
2-2: Strikes out swinging
Batting: RHB Edwin Estrada 0-0: Ball
1-0: Fly out, F8 (Flyball, 8LM, EV 82.5 MPH)
Top of the 6th over - 0 runs, 0 hits, 0 errors, 0 left on base; Minnesota (GCL) 2 - Tampa Bay (GCL) 6
BOTTOM OF THE 6TH
Tampa Bay (GCL) Rays batting - Pitching for Minnesota (GCL) Twins : LHP Alex Cruz
Batting: RHB Joe Slayback 0-0: Ball
1-0: Swinging Strike
1-1: Ball
2-1: Swinging Strike
2-2: Ball
3-2: Base on Balls
Batting: RHB Brian Rhodes 0-0: Called Strike
0-1: Called Strike
0-2: Grounds into double play, 6-4-3 (Groundball, 6, EV 97.5 MPH)
Batting: RHB Manny Ortiz 0-0: Ball
1-0: Ball
2-0: Called Strike
2-1: Ball
3-1: Base on Balls
Batting: RHB Clayton Merry 0-0: Swinging Strike
0-1: SINGLE (Line Drive, 34, EV 95.6 MPH)
Manny Ortiz to second
Runner from 2nd tries for 3rd, SAFE, no throw by RF
Batting: RHB Dustin Carlson 0-0: Called Strike
0-1: Foul Ball, location: 2F
0-2: Ball
1-2: Fly out, F8 (Flyball, 8RD, EV 93.8 MPH)
Bottom of the 6th over - 0 runs, 1 hit, 0 errors, 2 left on base; Minnesota (GCL) 2 - Tampa Bay (GCL) 6
TOP OF THE 7TH
Minnesota (GCL) Twins batting - Pitching for Tampa Bay (GCL) Rays : RHP George McMaster
Batting: RHB Rico Castillo 0-0: Called Strike
0-1: Called Strike
0-2: Ball
1-2: Strikes out swinging
Batting: LHB Jose Varillas 0-0: Ball
1-0: Ball
2-0: Ball
3-0: Base on Balls
Batting: RHB Kevin Yarber 0-0: Ball
1-0: Ball
2-0: SINGLE (Groundball, 34D, EV 104.4 MPH)
Jose Varillas to second
Runner from 2nd tries for 3rd, SAFE, no throw by RF
Batting: LHB Jonathan Antoine 0-0: Fly out, F7 (Flyball, 78M, EV 93.8 MPH)
Batting: RHB Sergio Aguero 0-0: Called Strike
0-1: Ball
1-1: Swinging Strike
1-2: Ball
2-2: Fly out, F3 (Popup, 13, EV 82.5 MPH)
Top of the 7th over - 0 runs, 1 hit, 0 errors, 2 left on base; Minnesota (GCL) 2 - Tampa Bay (GCL) 6
BOTTOM OF THE 7TH
Tampa Bay (GCL) Rays batting - Pitching for Minnesota (GCL) Twins : LHP Alex Cruz
Batting: RHB Seth Epps 0-0: Ball
1-0: Ball
2-0: Foul Ball, location: 2F
2-1: Foul Ball, location: 9LMF
2-2: SINGLE (Groundball, 6S, EV 70.6 MPH)
Batting: RHB Josh Capezzuto 0-0: Ball
1-0: Called Strike
1-1: Ball
2-1: Called Strike
2-2: Strikes out looking
Pitching: RHP Danny Contreras
Batting: RHB Roger Salazar 0-0: Called Strike
0-1: Swinging Strike
0-2: Foul Ball, location: 9LDF
0-2: Foul Ball, location: 2F
0-2: Strikes out looking
Batting: RHB Kyle Shannon 0-0: Swinging Strike
0-1: Ball
1-1: Ball
2-1: Ball
3-1: Base on Balls
Seth Epps to second
Batting: RHB Joe Slayback 0-0: Ball
1-0: Called Strike
1-1: Swinging Strike
1-2: Ball
2-2: Fielders Choice at 2nd, 5-4 (Groundball, 56, EV 81.9 MPH)
Bottom of the 7th over - 0 runs, 1 hit, 0 errors, 2 left on base; Minnesota (GCL) 2 - Tampa Bay (GCL) 6
TOP OF THE 8TH
Minnesota (GCL) Twins batting - Pitching for Tampa Bay (GCL) Rays : RHP George McMaster
Pitching: RHP Jake Woltz
Batting: LHB Andres Contes 0-0: Ball
1-0: Ground out 5-3 (Groundball, 5L, EV 85.6 MPH)
Batting: LHB Noel Douglass 0-0: Called Strike
0-1: SINGLE (Line Drive, 4D, EV 98.1 MPH)
Batting: LHB Giorgio Rebagliati 0-0: Grounds into double play, 4-6-3 (Groundball, 34, EV 104.4 MPH)
Top of the 8th over - 0 runs, 1 hit, 0 errors, 0 left on base; Minnesota (GCL) 2 - Tampa Bay (GCL) 6
BOTTOM OF THE 8TH
Tampa Bay (GCL) Rays batting - Pitching for Minnesota (GCL) Twins : RHP Danny Contreras
Batting: RHB Brian Rhodes 0-0: Ball
1-0: Called Strike
1-1: Foul Ball, location: 3DF
1-2: Ball
2-2: Foul Ball, location: 3F
2-2: Foul Ball, location: 2F
2-2: DOUBLE (Line Drive, 9LM, EV 105.6 MPH)
Batting: RHB Manny Ortiz 0-0: Ball
1-0: Called Strike
1-1: Ball
2-1: Ball
3-1: Swinging Strike
3-2: Foul Ball, location: 23FF
3-2: Base on Balls
Batting: RHB Clayton Merry 0-0: Foul Ball, location: 3SF
0-1: Foul Ball, location: 2F
0-2: Foul Ball, location: 25F
0-2: Fly out, F8 (Flyball, 8RM, EV 96.3 MPH)
Batting: RHB Dustin Carlson 0-0: Ball
1-0: Called Strike
1-1: Foul Ball, location: 25F
1-2: Foul Ball, location: 5SF
1-2: Strikes out looking
Pinch Hitting: RHB Devon Farmer 0-0: Ball
1-0: Ball
2-0: Ball
3-0: Base on Balls
Brian Rhodes to third
Manny Ortiz to second
Pitching: RHP John Wilmot
Batting: RHB Josh Capezzuto 0-0: Called Strike
0-1: Fly out, F4 (Popup, 34S, EV 76.9 MPH)
Bottom of the 8th over - 0 runs, 1 hit, 0 errors, 3 left on base; Minnesota (GCL) 2 - Tampa Bay (GCL) 6
TOP OF THE 9TH
Minnesota (GCL) Twins batting - Pitching for Tampa Bay (GCL) Rays : RHP Jake Woltz
Now at 3B: Josh Kroeger
Batting: RHB Edwin Estrada 0-0: Ground out 4-3 (Groundball, 4, EV 84.4 MPH)
Pinch Hitting: RHB Nick Billings 0-0: Ball
1-0: Ball
2-0: Called Strike
2-1: Swinging Strike
2-2: Ball
3-2: Base on Balls
Batting: LHB Jose Varillas 0-0: Called Strike
0-1: Ball
1-1: Ball
2-1: Ball
3-1: Foul Ball, location: 2F
3-2: 2-RUN HOME RUN (Flyball, 89XD, EV 102.5 MPH), Distance : 442 ft
Batting: RHB Kevin Yarber 0-0: Called Strike
0-1: SINGLE (Groundball, 34D, EV 99.4 MPH)
Pitching: LHP Shane Ryan
Now in LF: Nick Jones
Pinch Hitting: RHB Nelson Tamez 0-0: Ball
1-0: SINGLE (Flyball, 78S, EV 92.5 MPH)
Kevin Yarber to second
Pitching: RHP Jason Kinsaul
Pinch Hitting: RHB Oscar Librado 0-0: Fly out, F9 (Line Drive, 9D, EV 90.0 MPH)
Runner from 2nd tags up, SAFE at 3rd with throw by RF
Batting: RHB Jay Chandler 0-0: Ball
1-0: Ball
2-0: SINGLE (Line Drive, 8LS, EV 87.5 MPH)
Kevin Yarber scores
Nelson Tamez to second
Runner from 2nd tries for 3rd, SAFE, throw by CF made to third
Pinch Hitting: RHB Matt Watson 0-0: Fly out, F8 (Line Drive, 8RM, EV 90.0 MPH)
Top of the 9th over - 3 runs, 4 hits, 0 errors, 2 left on base; Minnesota (GCL) 5 - Tampa Bay (GCL) 6
Friday, May 10th , 2024 - OOTP Baseball 24.11 Build 85